 Dungeon Crawl Stone Soup version 0.26-a0-1139-g7d2dc893a1 (webtiles) character file.

Game seed: 1900683969989369985

1424 HoaS the Basher (level 8, -1/46 HPs)
             Began as a Gargoyle Fighter on Dec 21, 2020.
             Killed from afar by Maggie (18 damage)
             ... with a bolt of fire
             ... on level 6 of the Dungeon.
             The game lasted 00:12:18 (4902 turns).

HoaS the Basher (Gargoyle Fighter)                  Turns: 4902, Time: 00:12:19

Health: -1/46      AC: 22    Str: 28    XL:     8   Next: 72%
Magic:  8/8        EV:  5    Int:  9    God:
Gold:   119        SH: 11    Dex:  9    Spells: 7/7 levels left

rFire    . . .     SeeInvis .   a - +0 flail
rCold    . . .     Faith    .   c - +0 kite shield
rNeg     + . .     Spirit   .   n - +0 plate armour (curse)
rPois    ∞         Reflect  .   r - +0 helmet
rElec    +         Harm     .   (no cloak)
rCorr    .         Rampage  .   t - +0 pair of gloves
Will     .....                  l - +2 pair of boots
Stlth    ..........             (no amulet)
HPRegen  0.15/turn              w - +6 ring of strength
MPRegen  0.11/turn              (no ring)

@: mighty, mesmerised
A: negative energy resistance 1, electricity resistance, unbreathing,
petrification resistance, miasma immunity, AC +5
a: no special abilities


You were on level 6 of the Dungeon.
You visited 2 branches of the dungeon, and saw 7 of its levels.

You collected 267 gold pieces.
You spent 148 gold pieces at shops.

Inventory:

Hand Weapons
 a - a +0 flail (weapon)
 y - a +2 whip of distortion
Armour
 c - a +0 kite shield (worn)
 l - a +2 pair of boots (worn)
 n - a cursed +0 plate armour (worn)
 r - a +0 helmet (worn)
 t - a +0 pair of gloves (worn)
Jewellery
 w - a +6 ring of strength (left hand)
Wands
 q - a wand of flame (17)
 x - a wand of enslavement (7)
Scrolls
 b - a scroll of fog
 e - a scroll of identify
 f - a scroll of enchant armour
 g - 4 scrolls of teleportation
 k - 2 scrolls of immolation
 o - a scroll of magic mapping
 p - 5 scrolls of remove curse
Potions
 d - a potion of might
 h - 3 potions of lignification
 j - 4 potions of flight
 m - a potion of berserk rage {unknown}
 s - 2 potions of invisibility
 u - 3 potions of resistance
 v - a potion of cancellation {unknown}


   Skills:
 - Level 3.2 Fighting
 * Level 8.8 Maces & Flails
 - Level 3.2 Armour
 + Level 7.3 Shields


You had 7 spell levels left.
You didn't know any spells.
Your spell library was empty.

Dungeon Overview and Level Annotations

Branches:
Dungeon (6/15)             Temple (1/1) D:4

Altars:
Ashenzari
Cheibriados
Dithmenos
Elyvilon
Fedhas
Gozag
Kikubaaqudgha
Nemelex Xobeh
Ru
Sif Muna
Trog
Uskayaw
Vehumet
Wu Jian
The Shining One

Shops:
D:5 [

Annotations:
D:6 Maggie


Innate Abilities, Weirdness & Mutations

You are resistant to torment.
Your stone body is resilient. (AC +5)
You are immune to poison.
You resist negative energy. (rN+)
You are resistant to electric shocks. (rElec)
You can survive without breathing.
You are immune to petrification.
You are immune to miasma.


Message History

You are mesmerised by Maggie!
You thump Maggie!
Maggie is heavily wounded.
You block Maggie's attack.
You bludgeon Maggie!!
Maggie is almost dead.
You barely miss Maggie.
Maggie is almost dead.
Maggie hits you but does no damage.
You closely miss Maggie.
Maggie is almost dead.
Maggie completely misses you.
You hit Maggie.
Maggie is almost dead.
You block Maggie's attack.
You barely miss Maggie.
Maggie is almost dead.
Maggie casts a spell at you. The bolt of fire hits you!!
You die...

#.# #...# #........
..#######...# #........
#.#..[......####
#........
#.#(##.........#
#........
#.))#####..###.#
###.##### ......# #..#
#.# #.## ......# #..# #†#
#####).### ......# #..#
#.# #..†!....#
......#####..# #@#
#.######.# .............#
#@######.# #.#
.....#.####..###..).....#
+.# ######.#
#..........##.# +.#
#..###.###.##.# #.#
#..###.# #.##.# #@#
#.)##<.# #.##.. ..#
#..##..###.##.. ..#
#..##.[....##...


You could see Maggie (mesmerising).

Vanquished Creatures
  Sigmund (D:6)
  A water moccasin (D:4)
  2 ice beasts
  4 ogres
  A phantom (D:5)
  A centaur (D:6)
  5 orc wizards
  Ijyb (D:4)
  2 iguanas (D:6)
  4 worker ants
  4 gnolls (D:4)
  2 adders
  3 white imps
  3 oozes
  2 worms
  2 leopard geckos
  6 orcs
  4 giant cockroaches
  9 goblins
  6 hobgoblins
  12 jackals
  2 kobolds
  A quokka (D:3)
  2 ball pythons
  8 bats
  3 frilled lizards
  A leopard gecko zombie (D:5)
  9 rats
101 creatures vanquished.

Vanquished Creatures (others)
  11 plants
  2 withered plants (D:2)
13 creatures vanquished.

Grand Total: 114 creatures vanquished

Notes
Turn   | Place    | Note
-------+----------+-------------------------------------------
     0 | D:1      | HoaS the Gargoyle Fighter began the quest for the Orb.
     0 | D:1      | Reached XP level 1. HP: 14/14 MP: 1/1
   183 | D:1      | Reached XP level 2. HP: 19/19 MP: 2/2
   371 | D:1      | Reached skill level 3 in Maces & Flails
   376 | D:1      | Reached XP level 3. HP: 19/23 MP: 3/3
  1005 | D:2      | Found a bloodstained altar of Trog.
  1187 | D:2      | Found a white marble altar of Elyvilon.
  1455 | D:2      | Found a blossoming altar of Fedhas.
  1455 | D:2      | Found an ancient bone altar of Kikubaaqudgha.
  1582 | D:3      | Reached XP level 4. HP: 28/28 MP: 4/4
  2008 | D:4      | You fall into a shaft and drop 1 floor!
  2008 | D:5      | Entered Level 5 of the Dungeon
  2036 | D:5      | Found a radiant altar of Vehumet.
  2096 | D:5      | Found Semuid's Antique Armour Emporium.
  2117 | D:5      | Bought a helmet for 148 gold pieces
  2227 | D:5      | Found a broken altar of Ashenzari.
  2274 | D:5      | Reached skill level 4 in Maces & Flails
  2294 | D:5      | Reached XP level 5. HP: 32/32 MP: 5/5
  2398 | D:4      | Noticed an ice beast
  2410 | D:4      | Killed an ice beast
  2411 | D:4      | Reached skill level 5 in Maces & Flails
  2411 | D:4      | Reached XP level 6. HP: 37/37 MP: 6/6
  2458 | D:4      | Reached skill level 5 in Shields
  2519 | D:4      | Found a staircase to the Ecumenical Temple.
  2528 | Temple   | Entered the Ecumenical Temple
  3162 | D:4      | Reached skill level 6 in Maces & Flails
  3232 | D:4      | Noticed Ijyb
  3241 | D:4      | Killed Ijyb
  3242 | D:4      | Reached XP level 7. HP: 41/41 MP: 7/7
  3421 | D:5      | Found an ornate altar of the Wu Jian Council.
  3884 | D:5      | Reached skill level 7 in Maces & Flails
  4128 | D:5      | Reached XP level 8. HP: 18/46 MP: 8/8
  4581 | D:5      | Found a sacrificial altar of Ru.
  4695 | D:6      | Reached skill level 8 in Maces & Flails
  4790 | D:6      | Noticed Sigmund
  4852 | D:6      | Killed Sigmund
  4863 | D:6      | Noticed Maggie
  4902 | D:6      | Killed from afar by Maggie

Illustrated notes

Levels and vault maps discovered:
D:1:      sevenhm_arrival_forest_fort_small_5, layout_loops_cross
D:2:      layout_basic, grunt_temple_overflow_growth_and_decay,
          old_standard_altar, elyvilon_altar_1
D:3:      layout_basic
D:4:      layout_rooms, minmay_temple_entry_gardened_gates, uniq_ijyb
D:5:      layout_layer_cave, marbit_many_paths, nicolae_ru_path_of_blood,
          serial_shops, nicolae_shop_behind_doors, basic_altar,
          vehumet_altar_wand_db
D:6:      layout_basic, general_overflow_altar, uniq_sigmund, uniq_maggie,
          uniq_eustachio
Temple:   grunt_temple_mini_profane

Skill      XL: |  1  2  3  4  5  6  7  8 |
---------------+-------------------------+-----
Maces & Flails | 3 4 5 6 7 8 |  8.8
Shields        | 4 5 6 7 |  7.3
Fighting       | |  3.2
Armour         | |  3.2

Action                   |  1- 3 |  4- 6 |  7- 9 || total
-------------------------+-------+-------+-------++-------
Melee: Flail             |   117 |   228 |   174 ||   519
Evoke: Wand              |       |       |     1 ||     1
  Use: Scroll            |    10 |     3 |     3 ||    16
       Potion            |       |       |     2 ||     2
Armor: Scale mail        |    93 |     6 |       ||    99
       Plate armour      |       |   156 |    77 ||   233
Dodge: Dodged            |    59 |    38 |    21 ||   118
Block: Kite shield       |    82 |   110 |    76 ||   268

Table legend: (Time is in decaauts)
 A = Elapsed time spent in this place.
 B = Non-inter-level travel time spent in this place.
 C = Inter-level travel time spent in this place.
 D = Time resting spent in this place.
 E = Time spent auto-exploring this place.
 F = Levels seen in this place.
 G = Mean time per level.
                   A        B        C        D        E       F      G
               +--------+--------+--------+--------+--------+-----+--------+
         Total |   5008 |   4815 |    193 |    647 |   3066 |   7 |  715.4 |
       Dungeon |   4801 |   4654 |    147 |    647 |   2906 |   6 |  800.2 |
        Temple |    207 |    161 |     46 |      0 |    160 |   1 |  207.0 |
               +--------+--------+--------+--------+--------+-----+--------+

Top non-repeatable levels by time:
     D:5: 1530 daAuts
     D:4: 1001 daAuts
     D:2: 891 daAuts
     D:1: 680 daAuts
     D:3: 451 daAuts
     D:6: 245 daAuts
  Temple: 207 daAuts
